| TOP OF THE 1ST |
|
Aberdeen Ironbirds batting - Pitching for Idaho Falls Chukars : RHP Francisco Reyes
|
|
Pitching: RHP Francisco Reyes
|
|
|
Batting: LHB Vinny Rivera
|
0-0: Ball 1-0: Ball 2-0: Called Strike 2-1: Ground out 1-3 (Groundball, 15, EV 68.1 MPH)
|
|
Batting: LHB Pat Fontana
|
0-0: Ball 1-0: Ball 2-0: Ball 3-0: Base on Balls
|
|
Batting: SHB Carlos Carrillo
|
0-0: Ball 1-0: Called Strike 1-1: Ball 2-1: Called Strike 2-2: Strikes out swinging
|
|
Batting: RHB Jonathan Mendoza
|
0-0: Ball 1-0: Ball Pat Fontana is caught stealing 2nd base 2-4
|
| Top of the 1st over - 0 runs, 0 hits, 0 errors, 0 left on base; Aberdeen 0 - Idaho Falls 0 |
| BOTTOM OF THE 1ST |
|
Idaho Falls Chukars batting - Pitching for Aberdeen Ironbirds : RHP Steve Webb
|
|
Pitching: RHP Steve Webb
|
|
|
Batting: RHB Ruben Luis
|
0-0: Swinging Strike 0-1: Ball 1-1: Ground out U3 (Groundball, 34, EV 86.2 MPH)
|
|
Batting: SHB Benoît Morin
|
0-0: SINGLE (Groundball, 34D, EV 105.0 MPH) (infield hit)
|
|
Batting: RHB Chance Argy
|
0-0: Grounds into double play, 6-4-3 (Groundball, 6, EV 83.8 MPH)
|
| Bottom of the 1st over - 0 runs, 1 hit, 0 errors, 0 left on base; Aberdeen 0 - Idaho Falls 0 |
| TOP OF THE 2ND |
|
Aberdeen Ironbirds batting - Pitching for Idaho Falls Chukars : RHP Francisco Reyes
|
|
Batting: RHB Jonathan Mendoza
|
0-0: Ball 1-0: Fly out, F9 (Flyball, 89M, EV 96.2 MPH)
|
|
Batting: LHB Sam Williams
|
0-0: Ball 1-0: Called Strike 1-1: Swinging Strike 1-2: Strikes out swinging
|
|
Batting: RHB Kevin Popowicz
|
0-0: Ground out 1-3 (Groundball, 13S, EV 73.1 MPH)
|
| Top of the 2nd over - 0 runs, 0 hits, 0 errors, 0 left on base; Aberdeen 0 - Idaho Falls 0 |
| BOTTOM OF THE 2ND |
|
Idaho Falls Chukars batting - Pitching for Aberdeen Ironbirds : RHP Steve Webb
|
|
Batting: LHB Vicente Hernandez
|
0-0: Called Strike 0-1: Swinging Strike 0-2: Strikes out swinging
|
|
Batting: RHB Ian Hornsby
|
0-0: Called Strike 0-1: Ball 1-1: Ball 2-1: Foul Ball, location: 2F 2-2: Strikes out swinging
|
|
Batting: RHB Jimmy Mayville
|
0-0: Ball 1-0: Ball 2-0: Ground out 4-3 (Groundball, 4, EV 100.0 MPH)
|
| Bottom of the 2nd over - 0 runs, 0 hits, 0 errors, 0 left on base; Aberdeen 0 - Idaho Falls 0 |
| TOP OF THE 3RD |
|
Aberdeen Ironbirds batting - Pitching for Idaho Falls Chukars : RHP Francisco Reyes
|
|
Batting: SHB Chris Wright
|
0-0: Called Strike 0-1: Foul Ball, location: 2F 0-2: Ball 1-2: Foul Ball, location: 2F 1-2: Strikes out looking
|
|
Batting: RHB Alfredo Reguera
|
0-0: Called Strike 0-1: Ball 1-1: Foul Ball, location: 2F 1-2: Ball 2-2: Ball 3-2: Base on Balls
|
|
Batting: RHB Fernando Bravo
|
0-0: Called Strike Alfredo Reguera steals 2nd base (no throw) 0-1: Ball 1-1: Ball 2-1: Foul Ball, location: 2F 2-2: Ground out 6-3 (Groundball, 6M, EV 90.0 MPH) Alfredo Reguera to third
|
|
Batting: LHB Vinny Rivera
|
0-0: Swinging Strike 0-1: Swinging Strike 0-2: Foul Ball, location: 2F 0-2: Ball 1-2: Ball 2-2: Foul Ball, location: 2F 2-2: Foul Ball, location: 2F 2-2: Strikes out swinging
|
| Top of the 3rd over - 0 runs, 0 hits, 0 errors, 1 left on base; Aberdeen 0 - Idaho Falls 0 |
| BOTTOM OF THE 3RD |
|
Idaho Falls Chukars batting - Pitching for Aberdeen Ironbirds : RHP Steve Webb
|
|
Batting: LHB David Bearden
|
0-0: Ball 1-0: Swinging Strike 1-1: Called Strike 1-2: Strikes out swinging
|
|
Batting: RHB Rafael Tapia
|
0-0: Ground out 5-3 (Groundball, 56, EV 85.6 MPH)
|
|
Batting: RHB Trevor Kingston
|
0-0: Called Strike 0-1: Ball 1-1: Foul Ball, location: 2F 1-2: Ball 2-2: Strikes out swinging
|
| Bottom of the 3rd over - 0 runs, 0 hits, 0 errors, 0 left on base; Aberdeen 0 - Idaho Falls 0 |
| TOP OF THE 4TH |
|
Aberdeen Ironbirds batting - Pitching for Idaho Falls Chukars : RHP Francisco Reyes
|
|
Batting: LHB Pat Fontana
|
0-0: DOUBLE (Line Drive, 9LS, EV 91.9 MPH)
|
|
Batting: SHB Carlos Carrillo
|
0-0: Ball 1-0: Called Strike Passed Ball! Pat Fontana to third 1-1: Swinging Strike 1-2: Ball 2-2: Ball 3-2: Strikes out swinging
|
|
Batting: RHB Jonathan Mendoza
|
0-0: Fly out, F8 (Flyball, 89M, EV 83.8 MPH)
|
|
Batting: LHB Sam Williams
|
0-0: Called Strike 0-1: Swinging Strike 0-2: Foul Ball, location: 2F 0-2: Ball 1-2: Strikes out looking
|
| Top of the 4th over - 0 runs, 1 hit, 0 errors, 1 left on base; Aberdeen 0 - Idaho Falls 0 |
| BOTTOM OF THE 4TH |
|
Idaho Falls Chukars batting - Pitching for Aberdeen Ironbirds : RHP Steve Webb
|
|
Batting: RHB Ruben Luis
|
0-0: Ball 1-0: Foul Ball, location: 2F 1-1: Fly out, F7 (Line Drive, 7S, EV 94.4 MPH)
|
|
Batting: SHB Benoît Morin
|
0-0: Called Strike 0-1: Called Strike 0-2: Strikes out swinging
|
|
Batting: RHB Chance Argy
|
0-0: SOLO HOME RUN (Flyball, 89XD, EV 105.6 MPH), Distance : 404 ft
|
|
Batting: LHB Vicente Hernandez
|
0-0: Called Strike 0-1: Ball 1-1: Foul Ball, location: 2F 1-2: Ball 2-2: Strikes out swinging
|
| Bottom of the 4th over - 1 run, 1 hit, 0 errors, 0 left on base; Aberdeen 0 - Idaho Falls 1 |
| TOP OF THE 5TH |
|
Aberdeen Ironbirds batting - Pitching for Idaho Falls Chukars : RHP Francisco Reyes
|
|
Batting: RHB Kevin Popowicz
|
0-0: Called Strike 0-1: Ball 1-1: Foul Ball, location: 2F 1-2: Ball 2-2: Hit by Pitch
|
|
Batting: SHB Chris Wright
|
0-0: Ball Kevin Popowicz steals 2nd base 1-0: Ball 2-0: Ball 3-0: Called Strike 3-1: Foul Ball, location: 2F 3-2: Foul Ball, location: 2F 3-2: Foul Ball, location: 2F 3-2: Strikes out swinging
|
|
Batting: RHB Alfredo Reguera
|
0-0: Ball 1-0: Ball 2-0: Swinging Strike 2-1: Ball 3-1: Base on Balls
|
|
Batting: RHB Fernando Bravo
|
0-0: SINGLE (Groundball, 56, EV 96.9 MPH) Kevin Popowicz to third Alfredo Reguera to second Runner from 3rd tries for Home, throw by LF and OUT! 7-2
|
|
Batting: LHB Vinny Rivera
|
0-0: Ball 1-0: Called Strike 1-1: Ball 2-1: Ground out 3-1 (Groundball, 34, EV 105.0 MPH)
|
| Top of the 5th over - 0 runs, 1 hit, 0 errors, 2 left on base; Aberdeen 0 - Idaho Falls 1 |
| BOTTOM OF THE 5TH |
|
Idaho Falls Chukars batting - Pitching for Aberdeen Ironbirds : RHP Steve Webb
|
|
Batting: RHB Ian Hornsby
|
0-0: Called Strike 0-1: Called Strike 0-2: Foul Ball, location: 2F 0-2: Strikes out looking
|
|
Batting: RHB Jimmy Mayville
|
0-0: Fly out, F7 (Flyball, 78M, EV 86.9 MPH)
|
|
Batting: LHB David Bearden
|
0-0: Ground out 1-3 (Groundball, 13S, EV 72.5 MPH)
|
| Bottom of the 5th over - 0 runs, 0 hits, 0 errors, 0 left on base; Aberdeen 0 - Idaho Falls 1 |
| TOP OF THE 6TH |
|
Aberdeen Ironbirds batting - Pitching for Idaho Falls Chukars : RHP Francisco Reyes
|
|
Pitching: RHP Tom Daniels
|
|
|
Batting: LHB Pat Fontana
|
0-0: Called Strike 0-1: Ball 1-1: Foul Ball, location: 2F 1-2: Ball 2-2: Ball 3-2: SOLO HOME RUN (Line Drive, 9D, EV 100.6 MPH), Distance : 403 ft
|
|
Batting: SHB Carlos Carrillo
|
0-0: Reached on error, E3 (Groundball, 3S, EV 90.6 MPH)
|
|
Batting: RHB Jonathan Mendoza
|
0-0: Fly out, F7 (Flyball, 7, EV 85.6 MPH)
|
|
Batting: LHB Sam Williams
|
0-0: Ball Passed Ball! Carlos Carrillo to second 1-0: Ground out 4-3 (Groundball, 4, EV 80.6 MPH) Carlos Carrillo to third
|
|
Batting: RHB Kevin Popowicz
|
0-0: Foul Ball, location: 2F 0-1: Called Strike 0-2: Ball 1-2: Strikes out swinging
|
| Top of the 6th over - 1 run, 1 hit, 1 error, 1 left on base; Aberdeen 1 - Idaho Falls 1 |
| BOTTOM OF THE 6TH |
|
Idaho Falls Chukars batting - Pitching for Aberdeen Ironbirds : RHP Steve Webb
|
|
Batting: RHB Rafael Tapia
|
0-0: Ground out 3-1 (Groundball, 34, EV 88.8 MPH)
|
|
Batting: RHB Trevor Kingston
|
0-0: Called Strike 0-1: Called Strike 0-2: Strikes out swinging, 2-3 out at first.
|
|
Batting: RHB Ruben Luis
|
0-0: Ball 1-0: Swinging Strike 1-1: Foul Ball, location: 2F 1-2: Ball 2-2: Ball 3-2: Base on Balls
|
|
Batting: SHB Benoît Morin
|
0-0: Ball 1-0: Foul Ball, location: 2F 1-1: Called Strike Ruben Luis is caught stealing 2nd base 2-6
|
| Bottom of the 6th over - 0 runs, 0 hits, 0 errors, 0 left on base; Aberdeen 1 - Idaho Falls 1 |
| TOP OF THE 7TH |
|
Aberdeen Ironbirds batting - Pitching for Idaho Falls Chukars : RHP Tom Daniels
|
|
Batting: SHB Chris Wright
|
0-0: Called Strike 0-1: Ball 1-1: Ball 2-1: Ball 3-1: Foul Ball, location: 2F 3-2: Ground out 6-3 (Groundball, 6M, EV 103.1 MPH)
|
|
Batting: RHB Alfredo Reguera
|
0-0: Ground out 1-3 (Groundball, 34S, EV 65.0 MPH)
|
|
Batting: RHB Fernando Bravo
|
0-0: SINGLE (Groundball, P, EV 88.8 MPH) (infield hit)
|
|
Batting: LHB Vinny Rivera
|
0-0: Foul Ball, location: 2F 0-1: Swinging Strike 0-2: Strikes out swinging
|
| Top of the 7th over - 0 runs, 1 hit, 0 errors, 1 left on base; Aberdeen 1 - Idaho Falls 1 |
| BOTTOM OF THE 7TH |
|
Idaho Falls Chukars batting - Pitching for Aberdeen Ironbirds : RHP Steve Webb
|
|
Batting: SHB Benoît Morin
|
0-0: Foul Ball, location: 2F 0-1: Ball 1-1: Foul Ball, location: 2F 1-2: Ball 2-2: Foul Ball, location: 2F 2-2: Foul Ball, location: 2F 2-2: Ground out 2-3 (Groundball, 2R, EV 64.4 MPH)
|
|
Batting: RHB Chance Argy
|
0-0: Ball 1-0: Called Strike 1-1: SOLO HOME RUN (Flyball, 9D, EV 101.9 MPH), Distance : 392 ft
|
|
Batting: LHB Vicente Hernandez
|
0-0: Ground out U3 (Groundball, 34, EV 81.2 MPH)
|
|
Batting: RHB Ian Hornsby
|
0-0: Ball 1-0: Called Strike 1-1: Foul Ball, location: 2F 1-2: Strikes out swinging
|
| Bottom of the 7th over - 1 run, 1 hit, 0 errors, 0 left on base; Aberdeen 1 - Idaho Falls 2 |
| TOP OF THE 8TH |
|
Aberdeen Ironbirds batting - Pitching for Idaho Falls Chukars : RHP Tom Daniels
|
|
Batting: LHB Pat Fontana
|
0-0: Ball 1-0: Called Strike 1-1: Ball 2-1: SINGLE (Groundball, 56, EV 94.4 MPH)
|
|
Pitching: RHP Jim Haggart
|
|
|
Batting: SHB Carlos Carrillo
|
0-0: Swinging Strike 0-1: Ball 1-1: Ball 2-1: Called Strike 2-2: Foul Ball, location: 2F 2-2: Foul Ball, location: 2F 2-2: Ball 3-2: Strikes out swinging
|
|
Batting: RHB Jonathan Mendoza
|
0-0: Called Strike 0-1: Fly out, F4 (Popup, 34D, EV 46.9 MPH)
|
|
Batting: LHB Sam Williams
|
0-0: Ball 1-0: Ball 2-0: Called Strike 2-1: Ball 3-1: Called Strike 3-2: Base on Balls Pat Fontana to second
|
|
Batting: RHB Kevin Popowicz
|
0-0: Ball 1-0: Called Strike 1-1: SINGLE (Groundball, 6MD, EV 106.2 MPH) Pat Fontana to third Sam Williams to second Runner from 3rd tries for Home, SAFE, throw by CF to home
|
|
Batting: SHB Chris Wright
|
0-0: Ball 1-0: Ball 2-0: Ball 3-0: Base on Balls Sam Williams to third Kevin Popowicz to second
|
|
Batting: RHB Alfredo Reguera
|
0-0: Foul Ball, location: 2F 0-1: Ball 1-1: Foul Ball, location: 2F 1-2: Strikes out swinging
|
| Top of the 8th over - 1 run, 2 hits, 0 errors, 3 left on base; Aberdeen 2 - Idaho Falls 2 |
| BOTTOM OF THE 8TH |
|
Idaho Falls Chukars batting - Pitching for Aberdeen Ironbirds : RHP Steve Webb
|
|
Batting: RHB Jimmy Mayville
|
0-0: Ball 1-0: Foul Ball, location: 2F 1-1: Ball 2-1: Foul Ball, location: 2F 2-2: Foul Ball, location: 2F 2-2: Strikes out swinging
|
|
Batting: LHB David Bearden
|
0-0: Foul Ball, location: 2F 0-1: SINGLE (Line Drive, 6D, EV 101.2 MPH)
|
|
Batting: RHB Rafael Tapia
|
0-0: Swinging Strike 0-1: Foul Ball, location: 2F 0-2: Ball 1-2: Grounds into double play, 5-4-3 (Groundball, 56, EV 87.5 MPH)
|
| Bottom of the 8th over - 0 runs, 1 hit, 0 errors, 0 left on base; Aberdeen 2 - Idaho Falls 2 |
| TOP OF THE 9TH |
|
Aberdeen Ironbirds batting - Pitching for Idaho Falls Chukars : RHP Jim Haggart
|
|
Pinch Hitting: RHB Chris McGuirk
|
0-0: Foul Ball, location: 2F 0-1: Ball 1-1: Called Strike 1-2: Strikes out swinging
|
|
Pitching: RHP Jason Meade
|
|
|
Batting: LHB Vinny Rivera
|
0-0: Ground out 6-3 (Groundball, 6, EV 99.4 MPH)
|
|
Batting: LHB Pat Fontana
|
0-0: Foul Ball, location: 2F 0-1: Foul Ball, location: 2F 0-2: SINGLE (Groundball, 13S, EV 66.9 MPH) (infield hit)
|
|
Batting: SHB Carlos Carrillo
|
0-0: Ball Wild Pitch! Pat Fontana to second 1-0: Called Strike 1-1: Ball 2-1: Foul Ball, location: 2F 2-2: SINGLE (Line Drive, 78S, EV 109.4 MPH) Pat Fontana to third Runner from 3rd tries for Home, SAFE, throw by LF to home
|
|
Batting: RHB Jonathan Mendoza
|
0-0: Ball 1-0: Called Strike 1-1: Ball 2-1: Swinging Strike 2-2: Strikes out swinging
|
| Top of the 9th over - 1 run, 2 hits, 0 errors, 1 left on base; Aberdeen 3 - Idaho Falls 2 |
| BOTTOM OF THE 9TH |
|
Idaho Falls Chukars batting - Pitching for Aberdeen Ironbirds : RHP Steve Webb
|
|
Pitching: RHP Nick Hodge
|
|
|
Now at 1B: Carlos Teniente
|
|
|
Now at 3B: Chris Wright
|
|
|
Now at SS: Matt Berrier
|
|
|
Now in LF: Wil Ochoa
|
|
|
Now in RF: Alfredo Reguera
|
|
|
Batting: RHB Trevor Kingston
|
0-0: Ground out 4-3 (Groundball, 4, EV 85.6 MPH)
|
|
Batting: RHB Ruben Luis
|
0-0: Ball 1-0: Foul Ball, location: 2F 1-1: Ground out 4-3 (Groundball, 4S, EV 90.6 MPH)
|
|
Batting: SHB Benoît Morin
|
0-0: Ball 1-0: Ball 2-0: Called Strike 2-1: Called Strike 2-2: Ground out 6-3 (Groundball, 6, EV 91.9 MPH)
|
| Bottom of the 9th over - 0 runs, 0 hits, 0 errors, 0 left on base; Aberdeen 3 - Idaho Falls 2 |
|